 Dungeon Crawl Stone Soup version 0.28.0-53-g5a82cb258f (webtiles) character file.

Game seed: 250421320146499638

5494 Zeld the Fighter (level 10, -6/96 HPs)
             Began as a Minotaur Berserker on May 23, 2022.
             Was a High Priest of Trog.
             Succumbed to a green ugly thing's poison
             ... on level 8 of the Dungeon.
             The game lasted 00:08:03 (13227 turns).

Zeld the Fighter (Minotaur Berserker)              Turns: 13227, Time: 00:08:03

Health: -6/96      AC: 16    Str: 27    XL:     10   Next: 42%
Magic:  9/9        EV:  9    Int:  4    God:    Trog [*****.]
Gold:   576        SH:  0    Dex:  9    Spells: 9/9 levels left

rFire   . . .      SeeInvis .   a - +0 war axe
rCold   . . .      Faith    .   (no shield)
rNeg    . . .      Spirit   .   r - +0 plate armour
rPois   .          Reflect  .   (helmet restricted)
rElec   .          Harm     .   A - +0 cloak
rCorr   .          Rampage  .   (no gloves)
Will    ++...                   q - +0 pair of boots
Stlth   ..........              (no amulet)
HPRegen 1.26/turn               (no ring)
MPRegen 0.11/turn               (no ring)

@: lethally poisoned (-6 -> -68), strong-willed, regenerating, hasted, very
quick
A: horns 2, retaliatory headbutt
a: Renounce Religion, Berserk, Trog's Hand, Brothers in Arms


You were on level 8 of the Dungeon.
You worshipped Trog.
Trog was extremely pleased with you.
You visited 2 branches of the dungeon, and saw 10 of its levels.

You collected 576 gold pieces.

Inventory:

Hand Weapons
 a - a +0 war axe (weapon)
Armour
 q - a +0 pair of boots (worn)
 r - a +0 plate armour (worn)
 A - a +0 cloak (worn)
Wands
 b - a wand of flame (10)
 x - a wand of iceblast (23)
 B - a wand of paralysis (15)
 C - a wand of acid (8)
 D - a wand of polymorph (4)
Scrolls
 f - 2 scrolls of enchant weapon
 i - 2 scrolls of blinking
 j - a scroll of enchant armour
 l - 2 scrolls of summoning
 m - 2 scrolls of fear
 p - 2 scrolls of magic mapping
 s - a scroll of silence
 t - 2 scrolls of teleportation {unknown}
 v - 2 scrolls of noise {unknown}
 y - 2 scrolls of immolation {unknown}
 E - a scroll of brand weapon {unknown}
Potions
 c - 3 potions of haste
 d - a potion of flight {unknown}
 e - a potion of might {unknown}
 g - a potion of lignification {unknown}
 h - 5 potions of curing {unknown}
 k - 3 potions of brilliance {unknown}
 n - a potion of cancellation {unknown}
 o - 2 potions of attraction {unknown}
 u - 4 potions of mutation {unknown}
 w - a potion of degeneration {unknown}
 z - a potion of magic {unknown}


   Skills:
 * Level 11.4 Fighting
 * Level 11.4 Axes
 + Level 8.0 Armour
 + Level 7.2 Dodging


You had 9 spell levels left.
You didn't know any spells.
Your spell library was empty.

Dungeon Overview and Level Annotations

Branches:
Dungeon (9/15)             Temple (1/1) D:4             Orc (0/2) D:9
   Lair: D:8-11

Altars:
Ashenzari
Cheibriados
Dithmenos
Fedhas
Gozag
Hepliaklqana
Kikubaaqudgha
Makhleb
Nemelex Xobeh
Okawaru
Qazlal
Ru
Sif Muna
Trog
Uskayaw
Vehumet
Wu Jian
Yredelemnul
Zin
The Shining One

Shops:
D:9 *

Annotations:
D:9 2 runed translucent doors, exclusion: obsidian statue


Innate Abilities, Weirdness & Mutations

You have a pair of horns on your head.
You reflexively headbutt those who attack you in melee.


Message History

The green ugly thing is moderately wounded.
The green ugly thing punches you!
You are poisoned.
The green ugly thing poisons you!
You closely miss the green ugly thing.
The green ugly thing is moderately wounded.
You feel extremely sick.
The green ugly thing punches you but does no damage.
You hit the green ugly thing but do no damage.
Your headbutt misses the green ugly thing.
The green ugly thing is moderately wounded.
You feel extremely sick. The green ugly thing punches you.
You slice the green ugly thing!!
The green ugly thing is heavily wounded.
You feel very sick. The green ugly thing punches you!
You are too injured to fight recklessly!
You closely miss the green ugly thing.
Your headbutt misses the green ugly thing.
The green ugly thing is heavily wounded.
You feel very sick.
The green ugly thing punches you but does no damage.
You slash the green ugly thing!
The green ugly thing is severely wounded.
You feel very sick. The green ugly thing punches you!
* * * LOW HITPOINT WARNING * * *
You are lethally poisoned!
The green ugly thing poisons you!
Your skin crawls.
You feel strong-willed.
* * * LOW HITPOINT WARNING * * *
You feel extremely sick. The green ugly thing punches you!
* * * LOW HITPOINT WARNING * * *
You are more poisoned.
The green ugly thing poisons you!
It was a potion of haste.
You feel yourself speed up.
You die...

##...## #.....# #.#
#..≈≈.########### #.....###.####
##≈≈≈((##.(......###.............
.(([.._#########.##......#.######
##≈≈≈..## #.#.#.<...#.#
##..≈≈.### #..###..###.#
###...##.##### #.## ##.# #.#
..#####.(..>.# #u.###.## #.#
##.......###.# #@#.#.## #.#
##...........# #.##.######.#
###..........# #...#.......# #
#..........######.########
####.#....##........#
......(...########### #.........#
######### #.....###.# #........
#.....# #.# #.#######


You could see a green ugly thing.

Vanquished Creatures
  A two-headed ogre (D:7)
  A yak (D:8)
  A steam dragon (D:4)
  Menkaure (D:5)
  Edmund (D:4)
  2 acid dragons
  2 two-headed ogre zombies (D:9)
  A water moccasin (D:6)
  Duvessa (D:5)
  An orc warrior (D:9)
  3 sky beasts
  2 black bears (D:4)
  2 ice beasts (D:7)
  A necrophage (D:7)
  2 ogres
  5 phantoms
  A kobold brigand (D:7)
  4 bullfrogs
  A gnoll sergeant (D:7)
  A scorpion (D:7)
  A water moccasin zombie (D:6)
  A water moccasin skeleton (D:6)
  Dowan (D:5)
  5 killer bees (D:8)
  A howler monkey (D:5)
  9 wights
  A centaur zombie (D:8)
  3 hounds
  A centaur skeleton (D:6)
  A gnoll shaman (D:5)
  4 orc priests
  A jelly (D:8)
  3 bullfrog skeletons
  An iron imp (D:4)
  Ijyb (D:4)
  Jessica (D:3)
  9 orc wizards
  4 ogre zombies (D:9)
  A hound skeleton (D:5)
  Robin (D:4)
  2 howler monkey zombies
  10 gnolls
  A howler monkey skeleton (D:4)
  6 adders
  2 white imps
  3 ufetubi
  An adder skeleton (D:4)
  A worm (D:4)
  A dart slug (D:5)
  40 orcs
  5 bats
  11 endoplasms
  2 giant cockroaches
  18 goblins
  8 hobgoblins
  4 jackals (D:2)
  3 quokkas
  5 ball pythons
  4 frilled lizards
  A goblin skeleton (D:9)
  5 goblin zombies (D:9)
  A hobgoblin skeleton (D:9)
  21 kobolds
  2 orc skeletons (D:9)
  8 orc zombies (D:9)
  4 rats (D:1)
253 creatures vanquished.

Vanquished Creatures (others)
  19 plants (D:6)
19 creatures vanquished.

Grand Total: 272 creatures vanquished

Notes
Turn   | Place    | Note
-------+----------+-------------------------------------------
     0 | D:1      | Zeld the Minotaur Berserker began the quest for the Orb.
     0 | D:1      | Reached XP level 1. HP: 19/19 MP: 0/0
   205 | D:1      | Reached XP level 2. HP: 27/27 MP: 1/1
  1276 | D:2      | Reached ** piety under Trog
  1364 | D:2      | Reached XP level 3. HP: 29/33 MP: 2/2
  1797 | D:2      | Found a faded altar of an unknown god.
  2406 | D:3      | Noticed a phantom
  2438 | D:3      | Reached XP level 4. HP: 6/41 MP: 3/3
  2798 | D:2      | Killed a phantom
  2799 | D:2      | Reached skill level 5 in Fighting
  2799 | D:2      | Reached skill level 5 in Axes
  2799 | D:2      | Reached XP level 5. HP: 14/48 MP: 4/4
  3283 | D:3      | Found a shadowy altar of Dithmenos.
  3608 | D:3      | Noticed Jessica
  3620 | D:3      | Killed Jessica
  4094 | D:4      | Reached *** piety under Trog
  4439 | D:4      | Found a staircase to the Ecumenical Temple.
  4447 | D:4      | Noticed Ijyb
  4474 | D:5      | Entered Level 5 of the Dungeon
  4916 | D:4      | Killed Ijyb
  4917 | D:4      | Reached XP level 6. HP: 39/56 MP: 5/5
  5143 | Temple   | Entered the Ecumenical Temple
  5747 | D:4      | Noticed Robin
  5755 | D:4      | Killed Robin
  5792 | D:4      | Noticed Edmund
  5810 | D:4      | Killed Edmund
  5811 | D:4      | Reached XP level 7. HP: 25/64 MP: 6/6
  6023 | D:4      | Found a snail-covered altar of Cheibriados.
  6061 | D:4      | Noticed a steam dragon
  6077 | D:4      | Killed a steam dragon
  6277 | D:4      | Reached **** piety under Trog
  6576 | D:4      | Reached skill level 5 in Armour
  6737 | D:5      | Reached XP level 8. HP: 73/73 MP: 7/7
  6792 | D:5      | Found a broken altar of Ashenzari.
  7054 | D:5      | Noticed Menkaure
  7061 | D:5      | Killed Menkaure
  7190 | D:5      | Found a shimmering blue altar of Sif Muna.
  7202 | D:5      | Found an ornate altar of the Wu Jian Council.
  7305 | D:5      | Reached skill level 5 in Dodging
  7508 | D:5      | Noticed Duvessa
  7509 | D:5      | Noticed Dowan
  7515 | D:5      | Killed Dowan
  7525 | D:5      | Killed Duvessa
  8827 | D:6      | Reached XP level 9. HP: 72/83 MP: 8/8
  9289 | D:6      | Found a hide-covered altar of Uskayaw.
  9330 | D:6      | Found a sacrificial altar of Ru.
 10354 | D:7      | Noticed a two-headed ogre
 10364 | D:7      | Killed a two-headed ogre
 10365 | D:7      | Reached skill level 10 in Fighting
 10365 | D:7      | Reached skill level 10 in Axes
 11254 | D:7      | Found an opulent altar of Gozag.
 11533 | D:8      | Reached XP level 10. HP: 88/93 MP: 9/9
 11605 | D:8      | Found a hazy altar of Hepliaklqana.
 11710 | D:8      | Reached ***** piety under Trog
 11952 | D:8      | Found a bloodstained altar of Trog.
 12616 | D:9      | Found Ryewu's General Store.
 12782 | D:9      | Found a staircase to the Orcish Mines.
 13181 | D:9      | Found a runed translucent gate.
 13182 | D:9      | Found a runed translucent gate.
 13182 | D:9      | Found an opulent altar of Gozag.
 13182 | D:9      | Noticed an obsidian statue
 13186 | D:9      | Noticed a green ugly thing
 13194 | D:9      | Noticed a rust devil
 13196 | D:9      | Noticed a sun demon
 13227 | D:8      | Succumbed to a green ugly thing's poison

Illustrated notes

Levels and vault maps discovered:
D:1:      eino_arrival_cavern_b, layout_loops_cross
D:2:      layout_loops_corners, ebering_ecumenical_altar_ruins
D:3:      minmay_recursive_quarters, layout_basic,
          mainiacjoe_overflow_boulevard, kennysheep_generic_room_4, uniq_jessica
D:4:      black_bear_nest_2, layout_basic, slow_altar_2,
          minmay_temple_entry_glassed_door, kennysheep_cross_bottleneck,
          wad_rectangle_vault, uniq_robin, uniq_edmund, uniq_ijyb
D:5:      layout_basic, evilmike_ruin_ashenzari, grunt_temple_overflow_open,
          serial_rivers, chequers_serial_rivers_micro_e,
          chequers_serial_rivers_room_b, chequers_serial_rivers_micro_a,
          chequers_serial_rivers_micro_b, chequers_serial_rivers_micro_a,
          chequers_serial_rivers_micro_b, amcnicky_mini_corridor_feature,
          grunt_decor_resistance, minmay_misc_feat_secret_circle,
          kennysheep_small_square, uniq_menkaure, uniq_duvessa
D:6:      layout_rooms, mainiacjoe_overflow_large_starburst,
          chequers_serial_rivers_micro_d, hangedman_abyss_or_decor_stabs,
          serial_bayou_lagoon_a
D:7:      layout_cave_pods, nicolae_gozag_cash_rules_everything_around_me
D:8:      layout_loops_ring, amcnicky_altar_gilded, trog_hazing_becter
D:9:      minmay_the_grid_octo_tiled_squarecenter
          [minmay_the_grid_octo_vomiting_pacman, minmay_the_grid_octo_clover_2,
          minmay_the_grid_octo_odd_swirl, minmay_the_grid_octo_clover,
          minmay_the_grid_square_5x5_megaprize_diamond,
          minmay_the_grid_square_5x5_forky, minmay_the_grid_square_5x5_shrine1,
          minmay_the_grid_square_5x5_eight_small,
          minmay_the_grid_square_5x5_eight], layout_basic, zombieorc2_lemuel,
          serial_shops, shop_fountains, ebering_ghost_gozag, nrook_uturn,
          kennysheep_small_spiral
Temple:   jpeg_temple_alley_garden

Skill      XL: |  1  2  3  4  5  6  7  8  9 10 |
---------------+-------------------------------+-----
Fighting       | 4 5 6 7 9 10 11 | 11.4
Axes           | 4 5 6 7 9 10 11 | 11.4
Armour         | 3 4 5 6 7 8 |  8.0
Dodging        | 3 4 5 6 7 |  7.2

Action                   |  1- 3 |  4- 6 |  7- 9 | 10-12 || total
-------------------------+-------+-------+-------+-------++-------
Melee: Hand axe          |   100 |   150 |   337 |   112 ||   699
       Headbutt          |    17 |    27 |    65 |    38 ||   147
       Punch             |     2 |     1 |     4 |     2 ||     9
       War axe           |       |       |       |    73 ||    73
Invok: Trog's Hand       |       |     1 |       |     1 ||     2
       Berserk           |       |       |     3 |       ||     3
  Use: Scroll            |       |       |     9 |       ||     9
       Potion            |       |       |       |     1 ||     1
Armor: Animal skin       |    26 |     4 |       |       ||    30
       Plate armour      |       |    54 |   234 |   107 ||   395
Dodge: Dodged            |    62 |    92 |   148 |    68 ||   370
